 Dungeon Crawl Stone Soup version 0.19.1-1-g22dce08 (webtiles) character file.

77 theAP the Grave Robber (level 4, -3/40 HPs)
             Began as a Demonspawn Necromancer on Dec 30, 2016.
             Slain by a worm (7 damage)
             ... on level 2 of the Dungeon.
             The game lasted 00:09:40 (1729 turns).

theAP the Grave Robber (Demonspawn Necromancer)     Turns: 1729, Time: 00:09:41

Health: -3/40      AC:  0    Str:  9    XL:     4   Next: 14%
Magic:  0/10       EV:  9    Int: 17    God:
Gold:   31         SH:  6    Dex: 13    Spells: 1 memorised, 10 levels left

rFire  . . .     SeeInvis .     l - +0 mace
rCold  . . .     Gourm    .     (no armour)
rNeg   . . .     Faith    .     g - +0 shield
rPois  .         Spirit   +     (no helmet)
rElec  .         Reflect  .     (no cloak)
rCorr  .         Harm     .     (no gloves)
MR     .....                    (no boots)
Stlth  ++........               (no amulet)
                                (no ring)
                                (no ring)

@: very slightly contaminated
A: magic shield, magic regeneration
a: no special abilities


You were on level 2 of the Dungeon.
You were hungry.

You visited 1 branch of the dungeon, and saw 2 of its levels.

You collected 31 gold pieces.

Inventory:

Hand Weapons
 l - a +0 mace (weapon)
Armour
 a - a +0 robe
 g - a +0 shield (worn)
 i - a +0 scale mail
Jewellery
 o - an uncursed ring of positive energy
Scrolls
 e - a scroll of recharging {unknown}
 f - a scroll of identify
 k - a scroll of noise {unknown}
 m - a scroll of fog {unknown}
Potions
 h - a potion of magic {unknown}
Books
 b - a book of Necromancy

   Spells                             Type                      Level
   a - Pain                           Necromancy                   1
   b - Animate Skeleton               Necromancy                   1
   c - Vampiric Draining              Necromancy                   3
   d - Regeneration                   Charms/Necromancy            3
   e - Animate Dead                   Necromancy                   4
   f - Control Undead                 Necromancy                   4
Comestibles
 c - 2 bread rations
 n - 2 meat rations


   Skills:
 * Level 6.0 Fighting
 * Level 5.3 Maces & Flails
 + Level 1.9 Dodging
 + Level 1.8 Stealth
 + Level 0.1 Shields
 - Level 0.5 Unarmed Combat
 + Level 4.4 Spellcasting
 + Level 6.8 Necromancy


You had 10 spell levels left.
You knew the following spells:

 Your Spells              Type           Power        Failure   Level  Hunger
a - Pain                  Necr           ####         10%         1    None


Dungeon Overview and Level Annotations

Branches:
Dungeon (2/15)

Altars:


Innate Abilities, Weirdness & Mutations

When hurt, damage is shared between your health and your magic reserves.
You regenerate magic rapidly.


Message History

You hit the worm.
The worm is heavily wounded.
You block the worm's attack.
You hit the worm.
The worm is heavily wounded.
The worm bites you.
* * * LOW HITPOINT WARNING * * *
You hit the worm.
The worm is severely wounded.
It was a potion of experience.
You feel more experienced!
Your Fighting skill gained 6 levels and is now at level 6!
Your Maces & Flails skill gained 5 levels and is now at level 5!
Your Spellcasting skill gained 2 levels and is now at level 4!
Your Necromancy skill increases to level 6!
You have reached level 4!
You feel stronger.
Your demonic ancestry asserts itself...
You feel your magic shroud grow more resilient.
The worm bites you!
You die...

### ..# #.# ##########
#.# #######..rw@...#
#.####.........####......
#......#....%...# #####
########.###.#†?#
#.##..>.=# #.#..#.r...
#.#......### #####
#.#.#....#
....####.#.##..(#


You could see a worm and a rat.

Vanquished Creatures
  3 giant cockroaches (D:1)
  3 hobgoblins
  11 jackals (D:1)
  2 bats (D:1)
  3 goblins (D:1)
  4 kobolds
  2 rats (D:2)
28 creatures vanquished.

Notes
Turn   | Place    | Note
-------+----------+-------------------------------------------
     0 | D:1      | theAP the Demonspawn Necromancer began the quest for the Orb.
     0 | D:1      | Reached XP level 1. HP: 13/13 MP: 3/3
   325 | D:1      | Gained mutation: When hurt, damage is shared between your health and your magic reserves. [demonic ancestry]
   325 | D:1      | Reached XP level 2. HP: 10/19 MP: 3/5
  1423 | D:1      | Reached XP level 3. HP: 9/25 MP: 0/6
  1541 | D:2      | Reached skill level 5 in Necromancy
  1607 | D:2      | HP: 1/25 [kobold/dagger (1)]
  1729 | D:2      | Reached skill level 5 in Maces & Flails
  1729 | D:2      | Gained mutation: You regenerate magic rapidly. [demonic ancestry]
  1729 | D:2      | Reached XP level 4. HP: 4/40 MP: 0/10
  1729 | D:2      | Slain by a worm

Skill      XL: |  1  2  3 |
---------------+----------+-----
Necromancy     | 6 |  6.8
Fighting       | 6 |  6.0
Maces & Flails | 5 |  5.3
Spellcasting   | 4 |  4.4
Dodging        | |  1.9
Stealth        | |  1.8
Shields        | |  0.1
Unarmed Combat | |  0.5

Action                   |  1- 3 |  4- 6 || total
-------------------------+-------+-------++-------
Melee: Unarmed           |    86 |       ||    86
       Mace              |    25 |       ||    25
 Cast: Pain              |    43 |       ||    43
  Use: Potion            |     2 |       ||     2
       Scroll            |     1 |       ||     1
  Eat: Chunk             |     3 |       ||     3
Armor: Robe              |     9 |       ||     9
       Scale mail        |    43 |       ||    43
Dodge: Dodged            |    85 |       ||    85
Block: Shield            |    40 |       ||    40
